[Event "Titled Tuesday Blitz August 1 Early 2023"]
[White "Karamsetty, Jeevan"]
[Black "Maksimovic, Bojan"]
[WhiteFideId "2025337"]
[BlackFideId "14408120"]
[WhiteElo "2573"]
[BlackElo "2880"]
[Result "1-0"]
[Round "2"]
[TimeControl "180+1"]
[Date "2023.08.01"]
[WhiteClock "0:00:17"]
[BlackClock "0:00:09"]
[Board "34"]

1. e4 c5 2. Nc3 Nc6 3. Bb5 Nd4 4. Bc4 a6 5. a4 g6 6. Nge2 Bg7 7. Nxd4 cxd4 8. Qf3 Nf6 9. e5 dxc3 10. dxc3 O-O 11. exf6 Bxf6 12. Bh6 Re8 13. h4 e6 14. h5 d5 15. Bd3 e5 16. hxg6 hxg6 17. Qg3 e4 18. Be2 Be5 19. Bf4 Qf6 20. Bxe5 Rxe5 21. Qh2 Qg7 22. O-O-O Be6 23. g4 b5 24. a5 Rc8 25. Qf4 g5 26. Qe3 Qf6 27. Kb1 Bd7 28. Rh5 Kf8 29. Qa7 Ke7 30. Rdh1 Qd6 31. Qe3 Qf6 32. Rh6 Qf4 33. Qb6 Re6 34. Rxe6+ Bxe6 35. Qxa6 Qxf2 36. Qxb5 Qc5 37. Qxc5+ Rxc5 38. a6 Kd6 39. b4 Rc8 40. b5 Kc5 41. Kb2 Kb6 42. Ra1 Rc7 43. Rh1 Ra7 44. Ka3 Kc5 45. Ka4 Kb6 46. Kb4 Rc7 47. Rh5 f6 48. Rh6 Rf7 49. Rh8 Bd7 50. Rb8+ Kc7 51. Rd8 Kxd8 52. a7 Ke7 53. a8=Q f5 54. Qxd5 f4 55. Qxg5+ Kd6 56. Qc5+ Ke6 57. Bc4+ Kf6 58. Bxf7 Kxf7 59. Qd5+ Be6 60. Qxe4 Bxg4 61. Qxf4+ Kg7 62. Qxg4+ Kf6 63. Qd4+ Ke6 64. b6 Ke7 65. b7 Ke6 66. b8=Q Ke7 67. Qbe5+ Kf7 68. Qdf4+ Kg8 69. Qeg5+ Kh7 70. Qfh4# 1-0


[Site "https://www.chess.com"]

[Event "Titled Tuesday Blitz August 1 Early 2023"]
[White "Siniauski, Artsiom"]
[Black "Kravtsiv, Martyn"]
[WhiteFideId "13512269"]
[BlackFideId "14113147"]
[WhiteElo "2570"]
[BlackElo "2870"]
[Result "0-1"]
[Round "2"]
[TimeControl "180+1"]
[Date "2023.08.01"]
[WhiteClock "0:00:00"]
[BlackClock "0:00:09"]
[Board "35"]

1. e4 e5 2. Nf3 Nc6 3. Bb5 a6 4. Ba4 Nf6 5. Bxc6 dxc6 6. d3 Nd7 7. b3 Bd6 8. Bb2 O-O 9. Nbd2 f6 10. Nc4 Nc5 11. O-O Bg4 12. Ne3 Bh5 13. Nf5 Ne6 14. Ng3 Bf7 15. d4 exd4 16. Nxd4 Nxd4 17. Qxd4 Bf4 18. Rad1 Qxd4 19. Bxd4 Rfd8 20. Nf5 Be6 21. Be3 Be5 22. Ng3 b6 23. Ne2 c5 24. h3 a5 25. f4 Bd6 26. Kf2 a4 27. Kf3 Bf7 28. Nc3 axb3 29. axb3 c4 30. Nd5 cxb3 31. cxb3 h6 32. Rd3 Bf8 33. Rfd1 Bxd5 34. Rxd5 Rxd5 35. Rxd5 Ra3 36. Rd3 Bd6 37. Bd4 Kf7 38. e5 fxe5 39. fxe5 Be7 40. Ke4 Ke6 41. Be3 c5 42. g4 Ra2 43. Rd2 Ra1 44. Rf2 Rb1 45. Rf3 Rxb3 46. Rf5 Rb4+ 47. Kf3 Rb3 48. Ke4 b5 49. Rf3 Rb4+ 50. Kd3 c4+ 51. Ke4 c3+ 52. Kd3 Rc4 53. Kc2 b4 54. Bf4 Re4 55. Bg3 Re2+ 56. Kb3 Rb2+ 57. Kc4 c2 58. Bf4 Rb1 0-1


[Site "https://www.chess.com"]

[Event "Titled Tuesday Blitz August 1 Early 2023"]
[White "Timofeev, Artyom"]
[Black "Saya, Ethan"]
[WhiteFideId "4140419"]
[BlackFideId "26095181"]
[WhiteElo "2868"]
[BlackElo "2568"]
[Result "0-1"]
[Round "2"]
[TimeControl "180+1"]
[Date "2023.08.01"]
[WhiteClock "0:00:00"]
[BlackClock "0:00:13"]
[Board "36"]

1. c4 e6 2. Nc3 d5 3. d4 Nf6 4. Bg5 c6 5. e3 Nbd7 6. Nf3 Be7 7. Rc1 b6 8. cxd5 exd5 9. Bd3 Bb7 10. O-O O-O 11. Ne2 Ne4 12. Bxe7 Qxe7 13. a3 c5 14. dxc5 bxc5 15. Nf4 Rac8 16. Re1 Rfd8 17. Qe2 Ne5 18. Nxe5 Qxe5 19. h3 d4 20. Bc4 Nd6 21. Ba2 Nf5 22. Bb1 Nh4 23. Qg4 Ng6 24. Bxg6 hxg6 25. exd4 Qxd4 26. Re7 Be4 27. Re1 Bf5 28. Qg3 Qxb2 29. h4 Qf6 30. h5 g5 31. Nh3 Bxh3 32. Qxh3 c4 33. Rxa7 c3 34. Qe3 c2 35. Re7 Qf4 36. Qxf4 gxf4 37. Rc1 Rd1+ 38. Re1 Rxe1+ 39. Rxe1 c1=Q 0-1


[Site "https://www.chess.com"]

[Event "Titled Tuesday Blitz August 1 Early 2023"]
[White "The_Sherman_Variation"]
[Black "Khubukshanov, Erdem"]
[BlackFideId "54114527"]
[WhiteElo "2567"]
[BlackElo "2862"]
[Result "0-1"]
[Round "2"]
[TimeControl "180+1"]
[Date "2023.08.01"]
[WhiteClock "0:00:24"]
[BlackClock "0:01:13"]
[Board "37"]

1. b4 e5 2. Bb2 Bxb4 3. Bxe5 Nf6 4. Nf3 d5 5. Bb2 O-O 6. g3 Re8 7. Bg2 c5 8. O-O Nc6 9. e3 Bf5 10. d3 Ba5 11. Nbd2 Bc7 12. Re1 h6 13. Qe2 Bh7 14. a3 Qe7 15. c4 Rad8 16. cxd5 Nxd5 17. e4 Nb6 18. Rac1 Qd7 19. Bf1 Na4 20. Ba1 a6 21. Nb3 Bb6 22. Rc4 Na5 23. Nxa5 Bxa5 24. Rec1 b5 25. Rxa4 bxa4 26. Qb2 f6 27. Rxc5 Bc7 28. Qc2 Bd6 29. Rc6 Rc8 30. Nd4 Rxc6 31. Qxc6 Qxc6 32. Nxc6 Bxa3 33. d4 Bxe4 0-1


[Site "https://www.chess.com"]

[Event "Titled Tuesday Blitz August 1 Early 2023"]
[White "Ambartsumova, Karina"]
[Black "Moroni, Luca Jr"]
[WhiteFideId "4166299"]
[BlackFideId "865834"]
[WhiteElo "2564"]
[BlackElo "2857"]
[Result "1-0"]
[Round "2"]
[TimeControl "180+1"]
[Date "2023.08.01"]
[WhiteClock "0:00:27"]
[BlackClock "0:00:23"]
[Board "38"]

1. c4 e6 2. Nc3 d5 3. cxd5 exd5 4. d4 c6 5. Nf3 Nf6 6. Bg5 Be7 7. e3 Bf5 8. Bd3 Bxd3 9. Qxd3 Nbd7 10. O-O O-O 11. Rab1 Ne4 12. Bxe7 Qxe7 13. b4 a6 14. a4 b5 15. a5 f5 16. Nd2 Rae8 17. Ncxe4 fxe4 18. Qc3 Rf6 19. Rbe1 Ref8 20. f3 exf3 21. Rxf3 Re6 22. Rxf8+ Qxf8 23. e4 dxe4 24. Rxe4 Rd6 25. Nf3 Nf6 26. Re5 Nd5 27. Qe1 Rd8 28. Ng5 Rc8 29. Rxd5 Kh8 30. Re5 h6 31. Nf3 Rd8 32. h3 Qd6 33. Qc3 Qf6 34. Qc5 Kh7 35. Qe7 Rd6 36. Qxf6 Rxf6 37. Re7 h5 38. Ra7 Kh6 39. Rxa6 g5 40. d5 g4 41. Rxc6 Rxc6 42. dxc6 1-0


[Site "https://www.chess.com"]

[Event "Titled Tuesday Blitz August 1 Early 2023"]
[White "Rasulov, Vugar"]
[Black "Kuzmin, Roman"]
[WhiteFideId "13402390"]
[BlackFideId "44134932"]
[WhiteElo "2857"]
[BlackElo "2563"]
[Result "1-0"]
[Round "2"]
[TimeControl "180+1"]
[Date "2023.08.01"]
[WhiteClock "0:01:13"]
[BlackClock "0:00:59"]
[Board "39"]

1. d4 Nf6 2. c4 e6 3. Nc3 d5 4. Nf3 Nbd7 5. Bf4 c6 6. e3 Be7 7. Rc1 O-O 8. Bd3 dxc4 9. Bxc4 b5 10. Bd3 a6 11. O-O c5 12. Ne4 cxd4 13. Nxd4 Bb7 14. Nc6 Bxc6 15. Rxc6 Nd5 16. Bb1 Nxf4 17. exf4 Nf6 18. Qf3 Qd5 19. Rd1 Nxe4 20. Rxd5 exd5 21. Bxe4 dxe4 22. Qxe4 Bf6 23. g4 Rfe8 24. Qc2 Re1+ 25. Kg2 Ree8 26. g5 Bd4 27. b3 g6 28. Rd6 Ba7 29. Rd7 Bb6 30. Qc6 Rab8 31. Qd5 Re6 32. f5 gxf5 33. Qxf5 Rf8 34. Rxf7 Rxf7 35. Qxe6 Bxf2 36. Qxa6 b4 37. Qc4 Be1 38. h4 Kf8 39. h5 Rf2+ 40. Kh3 Rf3+ 41. Kg4 Rg3+ 42. Kf5 Rf3+ 43. Ke6 Re3+ 44. Kd7 Re7+ 45. Kc6 Bg3 46. Qxb4 1-0


[Site "https://www.chess.com"]

[Event "Titled Tuesday Blitz August 1 Early 2023"]
[White "Pinero Rodriguez, Carlos Jose"]
[Black "Ashraf, Artin"]
[WhiteFideId "3901726"]
[BlackFideId "22514805"]
[WhiteElo "2562"]
[BlackElo "2855"]
[Result "0-1"]
[Round "2"]
[TimeControl "180+1"]
[Date "2023.08.01"]
[WhiteClock "0:00:40"]
[BlackClock "0:00:48"]
[Board "40"]

1. b3 d6 2. Bb2 e5 3. c4 Nf6 4. g3 g6 5. Bg2 Nbd7 6. e3 Bg7 7. Ne2 O-O 8. O-O Re8 9. d4 c6 10. Nbc3 e4 11. h3 h5 12. Qc2 Qe7 13. Rad1 Nf8 14. b4 Bf5 15. b5 N8h7 16. h4 Qd7 17. Nf4 g5 18. hxg5 Nxg5 19. bxc6 bxc6 20. Ba3 Bg4 21. Rb1 h4 22. Rfc1 Bf3 23. Bxf3 exf3 24. Qd3 hxg3 25. fxg3 Nh3+ 26. Kh2 Ng4+ 0-1


[Site "https://www.chess.com"]

[Event "Titled Tuesday Blitz August 1 Early 2023"]
[White "Ter-Sahakyan, Samvel"]
[Black "Sadykov, Ramil"]
[WhiteFideId "13302531"]
[BlackFideId "24113590"]
[WhiteElo "2848"]
[BlackElo "2561"]
[Result "1/2-1/2"]
[Round "2"]
[TimeControl "180+1"]
[Date "2023.08.01"]
[WhiteClock "0:00:14"]
[BlackClock "0:00:15"]
[Board "41"]

1. e4 c5 2. Nf3 e6 3. b3 Nc6 4. Bb2 d6 5. Bb5 Ne7 6. O-O a6 7. Bxc6+ Nxc6 8. d4 cxd4 9. Nxd4 Nxd4 10. Qxd4 e5 11. Qd3 Be7 12. Nc3 O-O 13. Nd5 Be6 14. c4 Bg5 15. a4 f5 16. f4 fxe4 17. Qxe4 Bf5 18. Qe3 Bh6 19. Qg3 exf4 20. Nxf4 Qg5 21. Rae1 Qxg3 22. hxg3 Rae8 23. a5 Bc2 24. Rxe8 Rxe8 25. Rf3 Bxf4 26. gxf4 Re2 27. Ba3 Be4 28. Rg3 d5 29. cxd5 Bxd5 30. Bd6 Kf7 31. Be5 g6 32. b4 Bc6 33. Kf1 Rc2 34. Kg1 Ke6 35. Kh2 Kf5 36. Kh3 h6 37. Bb8 g5 38. fxg5 hxg5 39. Kh2 g4 40. Bd6 Be4 41. Bc5 Rd2 42. Kg1 Rd3 43. Rxd3 Bxd3 44. Kf2 Bb5 45. g3 Bc6 46. Ke3 Bb5 47. Kd4 Bc6 48. Bd6 Bb5 49. Bf4 Bc6 50. Kc5 Bf3 51. Kb6 Be4 52. Kc7 Bf3 53. Kd6 Be4 54. Kc5 Bf3 55. b5 axb5 56. Kxb5 Bg2 57. Kb6 Bf3 58. a6 bxa6 59. Kxa6 Be4 60. Kb6 Bf3 61. Kc5 Bg2 62. Kb6 Bh3 63. Kc5 Bg2 64. Kb6 Bh3 65. Kc5 Bg2 1/2-1/2


[Site "https://www.chess.com"]

[Event "Titled Tuesday Blitz August 1 Early 2023"]
[White "Pastar, Slaven"]
[Black "Rustemov, Alexander"]
[WhiteFideId "14402718"]
[BlackFideId "4119002"]
[WhiteElo "2554"]
[BlackElo "2843"]
[Result "1/2-1/2"]
[Round "2"]
[TimeControl "180+1"]
[Date "2023.08.01"]
[WhiteClock "0:00:05"]
[BlackClock "0:00:10"]
[Board "42"]

1. b3 d5 2. Bb2 Nf6 3. e3 Bf5 4. Nf3 e6 5. Bd3 Bg6 6. Bxg6 hxg6 7. d3 Bd6 8. Nbd2 Nbd7 9. Qe2 Qe7 10. e4 Ba3 11. Bxa3 Qxa3 12. O-O a5 13. c4 dxe4 14. Nxe4 O-O 15. Nfg5 a4 16. Rab1 axb3 17. axb3 Rfd8 18. Qf3 Qa5 19. b4 Qf5 20. Qe2 Nxe4 21. Nxe4 Ne5 22. Rfd1 Ra3 23. Ng3 Qf4 24. d4 Nc6 25. d5 exd5 26. Rxd5 Rda8 27. b5 Ne5 28. Qxe5 Qxe5 29. Rxe5 Rc3 30. Rc5 Ra2 31. Rxc7 Rcc2 32. Rf1 b6 33. Rc6 Rab2 34. Rxb6 Rxc4 35. Rb7 Rcb4 36. Re1 f6 37. h3 Rxb5 38. Re8+ Kh7 39. Rxb5 Rxb5 40. Re3 Rb1+ 41. Kh2 Rb2 42. Rf3 Rb7 43. Ne4 g5 44. Ng3 Kg6 45. Rc3 Rb5 46. Rc4 Ra5 47. f3 Rb5 48. Ne4 Ra5 49. Kg3 Ra6 50. Rc5 Ra7 51. Rb5 Ra6 52. Nc3 Ra7 53. Nd5 Ra6 54. Rb6 Ra7 55. Rc6 Rd7 56. Ne3 Ra7 57. Kf2 Rb7 58. g4 Ra7 59. Nf5 Rb7 60. Kg3 Ra7 61. Re6 Ra8 62. Re7 Rg8 63. h4 gxh4+ 64. Nxh4+ Kh7 65. Nf5 Kg6 66. Rxg7+ Rxg7 67. Nxg7 Kxg7 68. Kf4 Kg6 69. Ke4 f5+ 70. Kf4 Kf6 71. g5+ Kg6 72. Kg3 Kxg5 73. f4+ Kh5 74. Kh3 Kg6 75. Kg3 Kh5 76. Kh3 Kg6 77. Kg3 Kh5 1/2-1/2


[Site "https://www.chess.com"]

[Event "Titled Tuesday Blitz August 1 Early 2023"]
[White "Mitrabha, Guha"]
[Black "Porter, Ryan W"]
[WhiteFideId "5057000"]
[BlackFideId "2011239"]
[WhiteElo "2842"]
[BlackElo "2554"]
[Result "1-0"]
[Round "2"]
[TimeControl "180+1"]
[Date "2023.08.01"]
[WhiteClock "0:01:45"]
[BlackClock "0:00:16"]
[Board "43"]

1. Nf3 d5 2. c4 c6 3. e3 Nf6 4. Nc3 a6 5. b3 Bf5 6. Bb2 e6 7. Be2 h6 8. O-O Nbd7 9. d4 Bd6 10. Bd3 O-O 11. Bxf5 exf5 12. cxd5 cxd5 13. Rc1 Rc8 14. Qd3 g6 15. Rc2 Qe7 16. Rfc1 Nb6 17. Ne2 Qd7 18. Ne5 Qe6 19. Nf4 Qe7 20. Nexg6 fxg6 21. Nxg6 Qe4 22. Qxe4 fxe4 23. Nxf8 Rxf8 24. a4 Kf7 25. Bc3 Ke6 26. Ba5 Nbd7 27. Rc8 Rxc8 28. Rxc8 b6 29. Bd2 a5 30. h3 h5 31. f3 exf3 32. gxf3 Ke7 33. Be1 Kf7 34. Bh4 Ne8 35. Rd8 1-0


[Site "https://www.chess.com"]

[Event "Titled Tuesday Blitz August 1 Early 2023"]
[White "Talibov, Shiroghlan"]
[Black "Onufrienko, Vladislav"]
[WhiteFideId "13429078"]
[BlackFideId "13804332"]
[WhiteElo "2839"]
[BlackElo "2554"]
[Result "1-0"]
[Round "2"]
[TimeControl "180+1"]
[Date "2023.08.01"]
[WhiteClock "0:00:17"]
[BlackClock "0:00:01"]
[Board "44"]

1. e4 Nf6 2. e5 Nd5 3. Nf3 d6 4. Bc4 Nb6 5. Bb3 c5 6. d3 d5 7. c3 Bg4 8. Bf4 Nc6 9. Nbd2 e6 10. h3 Bh5 11. O-O Be7 12. Re1 O-O 13. Bc2 Nd7 14. Qc1 Rc8 15. Nh2 Bg5 16. Bg3 f6 17. f4 Bh6 18. exf6 Qxf6 19. Rf1 Ne7 20. Ng4 Qg6 21. Nxh6+ Qxh6 22. Nf3 Nf5 23. Bh2 d4 24. g4 Qg6 25. Kh1 Bxg4 26. hxg4 Qxg4 27. Rf2 Rf6 28. Qg1 Qh5 29. Bd1 Rh6 30. Ng5 Qh4 31. Rg2 Ne3 32. Bg4 Nf8 33. Rg3 Ng6 34. Bxe6+ Kf8 35. Rh3 Qxf4 36. Bxf4 Rxh3+ 37. Bxh3 Nxf4 38. Nxh7+ Kg8 39. Bxc8 1-0


[Site "https://www.chess.com"]

[Event "Titled Tuesday Blitz August 1 Early 2023"]
[White "Andreev, Konstantin"]
[Black "Kazakouski, Valery"]
[WhiteFideId "24239305"]
[BlackFideId "13507443"]
[WhiteElo "2551"]
[BlackElo "2830"]
[Result "0-1"]
[Round "2"]
[TimeControl "180+1"]
[Date "2023.08.01"]
[WhiteClock "0:01:27"]
[BlackClock "0:01:20"]
[Board "45"]

1. e4 c5 2. Nf3 a6 3. c4 Nc6 4. d4 cxd4 5. Nxd4 e5 6. Nxc6 dxc6 7. Nc3 Qxd1+ 8. Kxd1 Bc5 9. Be3 Bxe3 10. fxe3 b5 11. cxb5 axb5 12. b4 Nf6 13. Kc2 Be6 14. Bd3 Ng4 15. Rhe1 Nxh2 16. a4 bxa4 17. Nxa4 Ke7 18. Nc5 Ng4 19. Nxe6 Kxe6 20. Bc4+ Ke7 21. Kd3 Nf2+ 22. Ke2 Nxe4 23. Rec1 Nd6 24. Bd3 Rxa1 25. Rxa1 Rb8 26. Ra6 Rxb4 27. Rxc6 Rb2+ 28. Kf3 e4+ 29. Bxe4 Nxe4 30. Kxe4 Rxg2 31. Rc7+ Kf6 32. Kf3 Rg1 33. Kf2 Ra1 34. Rc6+ Kg5 35. Rc7 Kg6 36. Kf3 h5 37. Kf4 Rg1 38. Kf3 f6 39. Kf2 Rg4 40. Kf3 Kh6 41. Rc8 g5 42. Rh8+ Kg6 43. Rc8 Ra4 44. Rc6 g4+ 45. Kg3 Kg5 46. Rc5+ f5 47. Rc2 Re4 48. Kf2 f4 49. exf4+ Rxf4+ 50. Kg2 h4 51. Rc5+ Rf5 52. Rc4 h3+ 53. Kg3 Rf3+ 54. Kh2 Rf2+ 55. Kg1 Ra2 56. Rc3 Kh4 57. Rc4 Re2 58. Rb4 Kg3 59. Rb3+ Kf4 60. Rb4+ Kf3 61. Rb3+ Re3 62. Rb1 g3 63. Rf1+ Kg4 64. Rb1 Rf3 65. Rb4+ Rf4 66. Rb1 h2+ 67. Kg2 Rf2+ 68. Kh1 Kh3 0-1


[Site "https://www.chess.com"]

[Event "Titled Tuesday Blitz August 1 Early 2023"]
[White "Kovalenko, Igor"]
[Black "Remolar Gallen, Jose"]
[WhiteFideId "14117908"]
[BlackFideId "2215187"]
[WhiteElo "2829"]
[BlackElo "2548"]
[Result "1-0"]
[Round "2"]
[TimeControl "180+1"]
[Date "2023.08.01"]
[WhiteClock "0:00:18"]
[BlackClock "0:00:01"]
[Board "46"]

1. c4 Nf6 2. Nc3 g6 3. g3 Bg7 4. Bg2 O-O 5. Nf3 d6 6. O-O Nc6 7. d4 a6 8. e4 Bg4 9. Be3 Nd7 10. Qd2 e5 11. d5 Bxf3 12. Bxf3 Nd4 13. Bg2 c5 14. dxc6 bxc6 15. b4 a5 16. b5 Nb6 17. Qd3 Rc8 18. Rfc1 Qd7 19. Rab1 Qe6 20. bxc6 Rxc6 21. Nd5 Nd7 22. Rb2 Rfc8 23. h4 Nc5 24. Qa3 a4 25. Kh2 h6 26. Rcb1 Kh7 27. Bxd4 exd4 28. Bh3 Qxe4 29. Bxc8 Rxc8 30. Rd1 d3 31. Rbd2 Qxc4 32. Nb6 Qa6 33. Nxc8 Qxc8 34. Rxd3 Nxd3 35. Rxd3 Qc2 36. Kg2 Be5 37. Rf3 Kg7 38. Rd3 h5 39. Re3 Bd4 40. Qd3 Qc6+ 41. Rf3 Be5 42. Qe3 Qd5 43. Qe2 Qc5 44. Qe4 Qc1 45. Qb7 Qc4 46. a3 Qe6 47. Qa7 Qc4 48. Qb7 Bf6 49. Qd7 Be5 50. Qa7 Qd5 51. Qxa4 f6 52. Qb3 Qd4 53. a4 g5 54. hxg5 fxg5 55. Qb7+ Kg6 56. Qf7+ Kh6 57. Qe6+ Kh7 58. Rf7+ Bg7 59. Qf5+ Kh6 60. a5 d5 61. Rd7 Qc5 62. Rxd5 Qc6 63. a6 h4 64. Qxg5+ Kh7 65. Qxh4+ Kg8 66. Qe4 Qxa6 67. Qe8+ Kh7 68. Rh5+ Bh6 69. Qe4+ Kg7 70. Re5 Qg6 71. Re7+ 1-0


[Site "https://www.chess.com"]

[Event "Titled Tuesday Blitz August 1 Early 2023"]
[White "Ganiev, Roman"]
[Black "Pichot, Alan"]
[WhiteFideId "4131452"]
[BlackFideId "110973"]
[WhiteElo "2547"]
[BlackElo "2829"]
[Result "0-1"]
[Round "2"]
[TimeControl "180+1"]
[Date "2023.08.01"]
[WhiteClock "0:00:01"]
[BlackClock "0:00:10"]
[Board "47"]

1. e4 c5 2. Nf3 e6 3. d4 cxd4 4. Nxd4 Nc6 5. Nc3 Qc7 6. Be3 a6 7. Qd2 Nf6 8. f4 Bb4 9. Bd3 b5 10. a3 Be7 11. h3 d6 12. O-O Bb7 13. Rae1 O-O 14. Nxc6 Bxc6 15. Bd4 Rad8 16. Qe2 e5 17. Be3 Rfe8 18. Qf2 Qb7 19. g4 Nxe4 20. Bxe4 Bxe4 21. Nxe4 Qxe4 22. Bb6 Qc6 23. Bxd8 Bxd8 24. Qg2 e4 25. Kh1 d5 26. c3 Bc7 27. Qd2 h6 28. Qe3 Bb6 29. Qd2 e3 30. Qg2 Qc4 31. Re2 Re4 32. f5 a5 33. f6 g6 34. Qf3 Bc7 35. Rfe1 Bf4 36. Kg2 a4 37. Rxe3 Bxe3 38. Rxe3 Qc6 39. Rxe4 dxe4 40. Qe3 g5 41. Kg3 Kh7 42. Qd4 Kg6 43. Kg2 Qe6 44. Qe3 Kxf6 45. Qd4+ Kg6 46. Qe3 f5 47. gxf5+ Qxf5 48. Qb6+ Kh5 49. Qe3 Qf3+ 50. Qxf3+ exf3+ 51. Kxf3 Kh4 52. Kg2 g4 53. hxg4 Kxg4 54. Kh2 Kf3 0-1


[Site "https://www.chess.com"]

[Event "Titled Tuesday Blitz August 1 Early 2023"]
[White "Womacka, Mathias"]
[Black "Sychev, Klementy"]
[WhiteFideId "4611390"]
[BlackFideId "4114060"]
[WhiteElo "2546"]
[BlackElo "2820"]
[Result "0-1"]
[Round "2"]
[TimeControl "180+1"]
[Date "2023.08.01"]
[WhiteClock "0:00:12"]
[BlackClock "0:00:06"]
[Board "48"]

1. e4 e5 2. Nf3 Nc6 3. Bb5 a6 4. Bxc6 dxc6 5. O-O Bg4 6. h3 Bh5 7. g4 Bg6 8. Nxe5 Bd6 9. Nxg6 hxg6 10. Qf3 Qd7 11. d4 f5 12. e5 Be7 13. Be3 O-O-O 14. Kg2 Rh4 15. gxf5 gxf5 16. Nc3 f4 17. Bd2 Qxd4 18. Rad1 Qxe5 19. Bc1 Bd6 20. Ne4 Nf6 21. Rfe1 Nxe4 22. Rxe4 Qg5+ 23. Kf1 Rdh8 24. Rxd6 cxd6 25. Bxf4 Qf5 26. Qe3 Qxh3+ 27. Qxh3+ Rxh3 28. Bxd6 Rh1+ 29. Kg2 R1h6 30. Bg3 g5 31. Kf3 Kd7 32. Kg4 Rg6 33. a4 b5 34. axb5 axb5 35. c4 bxc4 36. Rxc4 Re8 37. Rd4+ Kc8 38. Kf5 Rg7 39. Bf4 gxf4 0-1


[Site "https://www.chess.com"]

[Event "Titled Tuesday Blitz August 1 Early 2023"]
[White "Ozen, Bahadir"]
[Black "Postlmayer, Jakob"]
[WhiteFideId "6337058"]
[BlackFideId "1643622"]
[WhiteElo "2819"]
[BlackElo "2546"]
[Result "1/2-1/2"]
[Round "2"]
[TimeControl "180+1"]
[Date "2023.08.01"]
[WhiteClock "0:02:06"]
[BlackClock "0:02:12"]
[Board "49"]

1. g3 d5 2. Nf3 Nf6 3. Bg2 e6 4. O-O Be7 5. b3 O-O 6. Bb2 b6 7. c4 Bb7 8. cxd5 Nxd5 9. d4 Nd7 10. Nc3 Nxc3 11. Bxc3 c5 12. Rc1 Rc8 13. Ba1 Bf6 14. Qd2 Qe7 15. Rfd1 Rfd8 16. Qe1 Bxf3 17. Bxf3 cxd4 18. Rxc8 Rxc8 19. Bxd4 Bxd4 20. Rxd4 Nf6 21. Qd2 1/2-1/2


[Site "https://www.chess.com"]

[Event "Titled Tuesday Blitz August 1 Early 2023"]
[White "Demin, Vladimir"]
[Black "Harvey, Marcus R"]
[WhiteFideId "4167457"]
[BlackFideId "400092"]
[WhiteElo "2545"]
[BlackElo "2808"]
[Result "1-0"]
[Round "2"]
[TimeControl "180+1"]
[Date "2023.08.01"]
[WhiteClock "0:00:15"]
[BlackClock "0:00:06"]
[Board "50"]

1. d4 Nf6 2. Nc3 d5 3. Bf4 Bf5 4. e3 e6 5. f3 a6 6. g4 Bg6 7. h4 h5 8. g5 Nfd7 9. Bd3 Bxd3 10. Qxd3 c5 11. g6 f5 12. O-O-O Nc6 13. Nge2 Qa5 14. Kb1 b5 15. Nc1 c4 16. Qd2 Bb4 17. e4 fxe4 18. fxe4 Nf6 19. exd5 Nxd5 20. N1e2 O-O 21. Rhf1 Rf5 22. Bg5 Raf8 23. Rxf5 Rxf5 24. a3 Bxc3 25. Nxc3 b4 26. Qe1 Nxc3+ 27. bxc3 Qd5 28. axb4 a5 29. Qe2 axb4 30. Qxh5 e5 31. dxe5 Qe6 32. Rd6 Rf1+ 33. Ka2 b3+ 34. Kb2 Rb1+ 35. Kxb1 bxc2+ 36. Kc1 1-0


[Site "https://www.chess.com"]

[Event "Titled Tuesday Blitz August 1 Early 2023"]
[White "Ohanyan, Emin"]
[Black "Al-Tarboush, Ward"]
[WhiteFideId "13312022"]
[BlackFideId "7601450"]
[WhiteElo "2805"]
[BlackElo "2544"]
[Result "1-0"]
[Round "2"]
[TimeControl "180+1"]
[Date "2023.08.01"]
[WhiteClock "0:02:23"]
[BlackClock "0:02:37"]
[Board "51"]

1. e4 c5 2. Nf3 e6 3. d4 cxd4 4. Nxd4 a6 5. Bd3 Ne7 6. O-O Nbc6 7. Nxc6 Nxc6 8. f4 Bc5+ 9. Kh1 O-O 10. Nd2 b5 11. e5 f5 12. exf6 Qxf6 13. Qh5 Be3 14. Bxh7+ Kh8 15. Bg6+ Kg8 16. Qh7# 1-0


[Site "https://www.chess.com"]

[Event "Titled Tuesday Blitz August 1 Early 2023"]
[White "Dinosaurio_1975"]
[Black "Nazari, Arad"]
[BlackFideId "12577324"]
[WhiteElo "2543"]
[BlackElo "2803"]
[Result "1/2-1/2"]
[Round "2"]
[TimeControl "180+1"]
[Date "2023.08.01"]
[WhiteClock "0:00:04"]
[BlackClock "0:00:06"]
[Board "52"]

1. e4 c5 2. Nf3 d6 3. Bb5+ Nd7 4. c3 Nf6 5. Bd3 g6 6. Bc2 Bg7 7. d4 O-O 8. O-O a6 9. Re1 e5 10. d5 b5 11. b3 Nh5 12. c4 f5 13. Ng5 Nf4 14. Bxf4 exf4 15. Ne6 Qf6 16. Nxf8 Qxf8 17. Nd2 Bxa1 18. Qxa1 Ne5 19. exf5 Bxf5 20. Qb1 Bxc2 21. Qxc2 Re8 22. f3 Qg7 23. Re4 g5 24. Qb1 Rb8 25. Qe1 h6 26. h4 Qf6 27. hxg5 hxg5 28. Re2 Re8 29. Ne4 Qg6 30. Qf2 bxc4 31. bxc4 Kg7 32. Qe1 g4 33. Nxc5 gxf3 34. Rf2 Rh8 35. Ne6+ Kf6 36. Nxf4 Qh6 37. Nh3 Ke7 38. Rxf3 Kd7 39. Re3 Rg8 40. Rxe5 dxe5 41. Qxe5 Qxh3 42. Qe2 Qg3 43. Qb2 Qe1+ 44. Kh2 Rh8+ 45. Qxh8 Qe4 46. Qg7+ Kd6 47. Qf6+ Kc5 48. Qc6+ Kb4 49. a3+ Kc3 50. Qc5 Qh4+ 51. Kg1 Qe1+ 52. Kh2 Qh4+ 53. Kg1 Qe1+ 54. Kh2 Qh4+ 1/2-1/2


[Site "https://www.chess.com"]

[Event "Titled Tuesday Blitz August 1 Early 2023"]
[White "Mahdavi, Reza"]
[Black "To, Nhat Minh"]
[WhiteFideId "12595926"]
[BlackFideId "729019"]
[WhiteElo "2801"]
[BlackElo "2543"]
[Result "0-1"]
[Round "2"]
[TimeControl "180+1"]
[Date "2023.08.01"]
[WhiteClock "0:00:16"]
[BlackClock "0:00:08"]
[Board "53"]

1. e4 c5 2. Nf3 d6 3. d4 cxd4 4. Qxd4 Nf6 5. Bg5 Nc6 6. Bb5 Bd7 7. Bxc6 Bxc6 8. Nc3 e6 9. O-O-O Be7 10. Qd3 Qa5 11. h4 h6 12. Bd2 Qa6 13. Qxa6 bxa6 14. Rde1 Ng4 15. Nd4 Bd7 16. f3 Ne5 17. b3 O-O 18. Rd1 Rfc8 19. Nde2 Rab8 20. Bf4 Bc6 21. Be3 Rc7 22. Nb1 a5 23. a4 Be8 24. Nd2 Bxa4 25. Kb2 Bb5 26. Nc3 a4 27. Nxb5 Rxb5 28. Bd4 axb3 29. Nxb3 Nc4+ 30. Ka2 a5 31. Ba1 Ne3 32. Nd4 Rbc5 33. Rb1 Nxc2 34. Rb8+ Kh7 35. Nb3 Rc4 36. Bb2 a4 37. Nd2 Rb4 38. Ra8 d5 39. exd5 exd5 40. Rc1 Rbb7 41. Rxa4 Nb4+ 42. Kb1 Rxc1+ 43. Bxc1 Nd3+ 44. Kc2 Nxc1 45. Kxc1 Rb4 46. Rxb4 Bxb4 47. Nb3 h5 48. Kd1 Kg6 49. Ke2 Kf6 50. Nd4 Bd6 51. Nc6 g6 52. Kf2 Ke6 53. Nd4+ Kd7 54. g3 Bc5 55. Ke3 Kd6 56. f4 f6 57. Kd3 Bxd4 58. Kxd4 f5 59. Kd3 Kc5 60. Kc3 d4+ 61. Kd3 Kd5 62. Kd2 Ke4 63. Ke2 d3+ 64. Kd2 Kf3 65. Kxd3 Kxg3 0-1


[Site "https://www.chess.com"]

[Event "Titled Tuesday Blitz August 1 Early 2023"]
[White "Streltsov, Alexey"]
[Black "Priasmoro, Novendra"]
[WhiteFideId "24104434"]
[BlackFideId "7105029"]
[WhiteElo "2543"]
[BlackElo "2782"]
[Result "0-1"]
[Round "2"]
[TimeControl "180+1"]
[Date "2023.08.01"]
[WhiteClock "0:00:35"]
[BlackClock "0:00:52"]
[Board "54"]

1. d4 Nf6 2. Bf4 g6 3. Nc3 d5 4. e3 Bg7 5. Nb5 Na6 6. Nf3 c6 7. Nc3 Qb6 8. Rb1 Bg4 9. Be2 Bxf3 10. Bxf3 Nd7 11. O-O O-O 12. Bg4 f5 13. Be2 e5 14. dxe5 Nxe5 15. Nxd5 Qd8 16. Bxa6 bxa6 17. Nb4 Qb6 18. c3 a5 19. Qb3+ Kh8 20. Nc2 Qxb3 21. axb3 Rab8 22. Nd4 Rb6 23. Ne6 Nd3 24. Nxf8 Bxf8 25. Rfd1 Nxf4 26. exf4 Rxb3 27. Rd8 Kg7 28. Rd7+ Kh6 29. Rxa7 Bg7 30. h4 Bxc3 31. Rd1 Bxb2 32. Rdd7 Kh5 33. f3 h6 34. Kh2 Bc1 35. g3 Rxf3 36. Rd6 Rxf4 37. Rxc6 Rf2+ 38. Kg1 Be3 39. Re7 Rc2+ 40. Rxe3 Rxc6 41. Kg2 Kg4 42. Ra3 Rc2+ 43. Kf1 g5 44. hxg5 hxg5 45. Rxa5 Rc3 46. Kf2 Rf3+ 47. Kg2 Rxg3+ 48. Kh2 f4 49. Ra2 Re3 50. Rg2+ Kh4 51. Ra2 f3 52. Ra8 Re2+ 53. Kg1 Kg3 54. Ra1 Rg2+ 55. Kh1 Rh2+ 56. Kg1 f2+ 57. Kf1 Rh1+ 58. Ke2 Rxa1 0-1


[Site "https://www.chess.com"]